 Dungeon Crawl Stone Soup version 0.24.0-123-gd5b16e6ec5 (webtiles) character file.

Game seed: 1384796236712424392, levelgen mode: deterministic

3077 Gildeon the Basher (level 9, -10/54 HPs)
             Began as a Gargoyle Fighter on Jan 16, 2020.
             Was a Follower of Qazlal.
             Killed by divine providence
             ... invoked by an orc priest
              (13 damage)
             ... on level 9 of the Dungeon on Feb 2, 2020.
             The game lasted 00:20:37 (6055 turns).

Gildeon the Basher (Gargoyle Fighter)               Turns: 6055, Time: 00:20:38

Health: -10/54     AC: 24    Str: 21    XL:     9   Next: 89%
Magic:  18/18      EV:  7    Int:  8    God:    Qazlal [*.....]
Gold:   451        SH: 11    Dex:  9    Spells: 8/8 levels left

rFire    . . .     SeeInvis .   v - +4 flail (holy)
rCold    + . .     Gourm    .   c - +0 shield
rNeg     + . .     Faith    .   p - +0 chain mail
rPois    ∞         Spirit   .   d - +0 helmet
rElec    +         Reflect  .   u - +1 cloak
rCorr    +         Harm     .   a - +0 pair of gloves
MR       .....                  w - +2 pair of boots
Stlth    ..........             (no amulet)
HPRegen  0.18/turn              r - ring of resist corrosion
MPRegen  0.16/turn              s - ring "Ibam" {rElec rC+ MP+9 Str-3 Stlth+}

@: no status effects
A: negative energy resistance 1, electricity resistance, unbreathing,
petrification resistance, rot immunity, AC +6
a: Renounce Religion


You were on level 9 of the Dungeon.
You worshipped Qazlal.
Qazlal was aware of your devotion.
You were not hungry.

You visited 2 branches of the dungeon, and saw 10 of its levels.

You collected 451 gold pieces.

Inventory:

Hand Weapons
 g - a +0 spear of freezing
 v - a +4 flail of holy wrath (weapon)
Armour
 a - a +0 pair of gloves (worn)
 c - a +0 shield (worn)
 d - a +0 helmet (worn)
 p - a +0 chain mail (worn)
 u - a +1 cloak (worn)
 w - a +2 pair of boots (worn)
Jewellery
 r - a ring of resist corrosion (left hand)
 s - the ring "Ibam" (right hand) {rElec rC+ MP+9 Str-3 Stlth+}
   (You found it on level 5 of the Dungeon)

   [ring of stealth]

   It affects your strength (-3).
   It protects you from cold.
   It insulates you from electricity.
   It affects your magic capacity (+9).
   It makes you more stealthy.
Wands
 e - a wand of paralysis (7)
 t - a wand of iceblast (6)
 z - a wand of random effects (23)
Scrolls
 h - a scroll of amnesia
 k - 2 scrolls of blinking
 q - 4 scrolls of teleportation
 y - 3 scrolls of identify
 A - a scroll of holy word {unknown}
 B - a scroll of remove curse
Potions
 b - 2 potions of lignification
 i - 4 potions of agility
 l - 3 potions of haste
 m - 5 potions of curing
 n - 2 potions of heal wounds
 o - a potion of magic
 x - 2 potions of flight
Comestibles
 f - 13 rations
 j - 3 chunks of flesh


   Skills:
 - Level 5.0 Fighting
 - Level 9.9(10.0) Maces & Flails
   Level 2.2(6.7) Staves
 - Level 5.0 Armour
 - Level 5.2 Dodging
 - Level 5.1 Shields
 + Level 0.5 Evocations


You had 8 spell levels left.
You didn't know any spells.
Your spell library was empty.

Dungeon Overview and Level Annotations

Branches:
Dungeon (8/15)             Temple (1/1) D:6            Lair (0/6) D:9

Altars:
Dithmenos
Fedhas
Hepliaklqana
Nemelex Xobeh
Okawaru
Qazlal
Ru
Vehumet
Xom


Innate Abilities, Weirdness & Mutations

You are resistant to torment.
Your stone body is resilient. (AC +6)
You are immune to poison.
You resist negative energy. (rN+)
You are resistant to electric shocks. (rElec)
You can survive without breathing.
You are immune to petrification.
You are immune to rotting.


Message History

You kill the orc!
Qazlal accepts your kill.
The bullfrog hits the plant but does no damage.
The orc priest hits the fungus with a +0 club.
The bullfrog hits the plant but does no damage.
The bullfrog hits the plant but does no damage.
The orc priest hits the fungus with a +0 club.
Things that are here:
a +0 dagger of draining; a +0 leather armour; an orc corpse The bullfrog hits the plant. x2
The orc priest hits the plant with a +0 club.
The bullfrog hits the plant but does no damage.
The orc priest hits the fungus but does no damage.
Things that are here:
a +0 dagger of draining; a +0 leather armour; an orc corpse The bullfrog hits the plant but does no damage.
The bullfrog hits the plant.
The orc priest invokes the aid of Beogh against you.
Beogh smites you!
You die...

#..PPP...##.#####.##.#
..........#.# #.##.#
.PP.PP.P....### #....#
.PP..P..PP.....# ###.#####
.PP..P..P.P..P.## ##......
PP.PP........P..# #....###
P.P..P....PPP.P.# #.......
..P.P....PPPP..(# #.......
P.PP.>P.)@PP...P# #...#...
PP..P.P.)..PP.P.# #...#...
P...PPP..PPPPP............
..PP.P.PPP../....###......
.P..P.PPPP....P#.# #####..


..PPPPPPPP.PP### .. ....P..Fo..### ......P...## ...#.##...# You could see a
bullfrog and an orc priest.

Vanquished Creatures
  Sigmund (D:6)
  2 yaks (D:9)
  2 porcupines (D:9)
  An orc warrior (D:7)
  3 black bears
  An ice beast (D:6)
  A centaur (D:5)
  3 crocodiles
  Blork the orc (D:4)
  4 bullfrogs
  4 scorpions
  2 crimson imps (D:7)
  A bullfrog zombie (D:5)
  2 hounds
  Crazy Yiuf (D:3)
  A jelly (D:8)
  6 orc priests
  6 orc wizards
  A centaur skeleton (D:3)
  Natasha (D:3)
  An iguana (D:6)
  4 worker ants
  A killer bee zombie (D:5)
  3 hound skeletons
  2 worker ant zombies
  A howler monkey zombie (D:7)
  12 adders
  A howler monkey skeleton (D:8)
  A shadow imp (D:7)
  An ooze (D:7)
  An adder skeleton (D:5)
  3 worms
  9 leopard geckos
  32 orcs
  15 giant cockroaches
  10 goblins
  9 hobgoblins
  2 jackals (D:4)
  11 kobolds
  4 quokkas
  2 ball pythons
  5 bats
  8 frilled lizards
  A leopard gecko skeleton (D:6)
  7 rats
190 creatures vanquished.

Vanquished Creatures (others)
  12 fungi (D:9)
  6 plants (D:9)
18 creatures vanquished.

Grand Total: 208 creatures vanquished

Notes
Turn   | Place    | Note
-------+----------+-------------------------------------------
     0 | D:1      | Gildeon the Gargoyle Fighter began the quest for the Orb.
     0 | D:1      | Reached XP level 1. HP: 14/14 MP: 1/1
    85 | D:1      | Reached XP level 2. HP: 18/19 MP: 2/2
   167 | D:1      | Reached skill level 3 in Maces & Flails
   437 | D:1      | Reached XP level 3. HP: 23/23 MP: 3/3
   953 | D:2      | Reached skill level 4 in Maces & Flails
  1032 | D:2      | Reached XP level 4. HP: 21/28 MP: 4/4
  1542 | D:3      | Reached skill level 5 in Maces & Flails
  1542 | D:3      | Reached XP level 5. HP: 21/32 MP: 5/5
  2079 | D:3      | Found a runed translucent door.
  2080 | D:3      | Noticed Crazy Yiuf
  2092 | D:3      | Killed Crazy Yiuf
  2092 | D:3      | Reached XP level 6. HP: 20/40 MP: 6/6
  2371 | D:3      | Noticed Natasha
  2376 | D:3      | Killed Natasha
  2376 | D:3      | Reached skill level 5 in Fighting
  2381 | D:3      | Reached skill level 1 in Staves
  2626 | D:4      | Noticed Blork the orc
  2638 | D:4      | Killed Blork the orc
  2669 | D:4      | Reached XP level 7. HP: 39/44 MP: 7/7
  2979 | D:4      | Reached skill level 5 in Armour
  3340 | D:4      | Reached skill level 1 in Dodging
  3456 | D:5      | Entered Level 5 of the Dungeon
  3583 | D:5      | Found a shadowy altar of Dithmenos.
  3707 | D:5      | Got a clouded glass ring
  3713 | D:5      | Identified the ring "Ibam" {rElec rC+ MP+9 Str-3 Stlth+}
                  | (You found it on level 5 of the Dungeon)
  4135 | D:5      | Reached XP level 8. HP: 49/49 MP: 8/8
  4395 | D:6      | Found a staircase to the Ecumenical Temple.
  4407 | Temple   | Entered the Ecumenical Temple
  4420 | Temple   | Became a worshipper of Qazlal Stormbringer
  4515 | D:6      | Noticed Sigmund
  4523 | D:6      | Killed Sigmund
  4523 | D:6      | Reached skill level 5 in Dodging
  5060 | D:7      | Reached skill level 5 in Shields
  5147 | D:7      | Reached * piety under Qazlal
  5152 | D:7      | Reached skill level 6 in Maces & Flails
  5203 | D:7      | Reached XP level 9. HP: 29/54 MP: 9/9
  5207 | D:7      | Reached skill level 7 in Maces & Flails
  5740 | D:8      | You fall into a shaft and drop 1 floor!
  5770 | D:9      | Reached skill level 8 in Maces & Flails
  5849 | D:9      | Reached skill level 9 in Maces & Flails
  6031 | D:9      | Found a staircase to the Lair.
  6046 | D:9      | HP: 2/54 [orc wizard/magic dart (2)]
  6055 | D:9      | Killed from afar by an orc priest

Levels and vault maps discovered:
D:1:      nzn_arrival_depleted_hourglass, layout_loops_ring
D:2:      layout_rooms, grunt_ministairs_13
D:3:      layout_loops_ring, uniq_crazy_yiuf_cottage, uniq_natasha
D:4:      layout_cave_pods, first_ration, uniq_blork_the_orc
D:5:      layout_loops_cross, grunt_dithmenos_smoke,
          chequers_serial_rivers_large_a, chequers_serial_rivers_micro_a,
          kennysheep_cross_bottleneck
D:6:      layout_gridville, minmay_temple_entry_ruins, uniq_sigmund
D:7:      layout_rooms
D:8:      layout_loops_ring, uniq_maurice
D:9:      layout_basic, due_lair_maze_entry_diamond, uniq_gastronok
Temple:   compressed_dpeg_circular_temple

Skill      XL: |  1  2  3  4  5  6  7  8  9 |
---------------+----------------------------+-----
Maces & Flails | 3 4 5 6 9 |  9.9
Fighting       | 4 5 |  5.0
Staves         | 2 |  2.2
Armour         | 4 5 |  5.0
Dodging        | 3 5 |  5.2
Shields        | 5 |  5.1
Evocations     | |  0.5

Action                   |  1- 3 |  4- 6 |  7- 9 || total
-------------------------+-------+-------+-------++-------
Melee: Flail             |   165 |   150 |   426 ||   741
       Quarterstaff      |       |    48 |       ||    48
  Use: Scroll            |     6 |     4 |     7 ||    17
       Potion            |       |       |     1 ||     1
  Eat: Chunk             |     1 |     5 |    12 ||    18
Armor: Scale mail        |    72 |    93 |       ||   165
       Chain mail        |       |     1 |   283 ||   284
Dodge: Dodged            |    62 |    80 |   131 ||   273
Block: Shield            |    80 |    78 |   287 ||   445
